 Dungeon Crawl Stone Soup version 0.18-a0-965-g9200175 (webtiles) character file.

66 root the Slasher (level 3, -2/31 HPs)
             Began as a Draconian Berserker on Jan 1, 2016.
             Was a Believer of Trog.
             Slain by a hobgoblin
             ... wielding a +0 club
              (3 damage)
             ... on level 3 of the Dungeon.
             The game lasted 00:04:03 (1582 turns).

root the Slasher (Draconian Berserker)              Turns: 1582, Time: 00:04:03

Health: -2/31      AC:  5    Str: 20    XL:     3   Next: 96%
Magic:  3/3        EV: 13    Int:  7    God:    Trog [**....]
Gold:   69         SH:  0    Dex: 10    Spells: 0 memorised, 2 levels left

rFire  . . .     SeeInvis .     a - +0 falchion
rCold  . . .     Gourm    .     (armour unavailable)
rNeg   . . .     Faith    .     (no shield)
rPois  .         Spirit   .     (helmet restricted)
rElec  .         Dismiss  .     (no cloak)
rCorr  .         Reflect  .     (no gloves)
SustAt .         Harm     .     (no boots)
MR     .....                    (no amulet)
Stlth  ..........               (no ring)
                                l - ring of loudness (curse)

@: lethally poisoned (-2 -> -5), not resistant to hostile enchantments,
extremely unstealthy
A: unfitting armour, cold-blooded, AC +5
a: Berserk, Trog's Hand, Burn Spellbooks, Renounce Religion


You were on level 3 of the Dungeon.
You worshipped Trog.
Trog was pleased with you.
You were not hungry.

You visited 1 branch of the dungeon, and saw 3 of its levels.

You collected 69 gold pieces.

Inventory:

Hand Weapons
 a - a +0 falchion (weapon)
 h - a +0 short sword of flaming
Jewellery
 l - a cursed ring of loudness (left hand)
Scrolls
 g - 2 scrolls of remove curse {unknown}
 j - 2 scrolls of amnesia {unknown}
 m - a scroll of identify {unknown}
Potions
 c - a potion of ambrosia {unknown}
 d - a potion of haste {unknown}
 e - 2 potions of curing {unknown}
 f - a potion of cure mutation {unknown}
 k - a potion of lignification {unknown}
 n - a potion of heal wounds {unknown}
Comestibles
 b - a bread ration
 i - a meat ration
 o - a beef jerky
 p - 2 chunks of flesh


   Skills:
 + Level 3.6 Fighting
 * Level 3.8 Long Blades
 + Level 3.4 Dodging
 * Level 0.8 Unarmed Combat


You had 2 spell levels left.
You didn't know any spells.

Dungeon Overview and Level Annotations

Branches:
Dungeon (3/15)

Altars:

Annotations:
D:2 Sigmund


Innate Abilities, Weirdness & Mutations

Your plain brown scales are hard (AC +5).
Your body does not fit into most forms of armour.
You are cold-blooded and may be slowed by cold attacks.


Message History

The giant newt hisses menacingly.
The giant newt bites you. The worker ant misses you.
You closely miss the giant newt. The worker ant bites you!
You are poisoned.
The worker ant poisons you! The giant newt closely misses you.
The worker ant bites you. The giant newt closely misses you.
You miss the giant newt.
You feel sick. The worker ant bites you. The giant newt bites you.
You closely miss the giant newt. The worker ant bites you.
The hobgoblin barely misses you. The giant newt barely misses you.
You closely miss the giant newt.
You feel sick. The worker ant bites you.
* * * LOW HITPOINT WARNING * * *
The hobgoblin barely misses you. The giant newt misses you.
The worker ant bites you.
* * * LOW HITPOINT WARNING * * *
You slash the giant newt!
You kill the giant newt!
Trog accepts your kill. The hobgoblin hits you with a club.
You die...

#......# #
#......# #.
#......# ...
#......#
#...##+##......#
#.......[......#
#...g........#
#....@...<#
#...a.....#
#.............
+..............
#..%............
#...............
#...............
....#+####......


You could see a worker ant and a hobgoblin.

Vanquished Creatures
  3 adders
  An ooze (D:1)
  2 giant geckos (D:1)
  A ball python (D:1)
  4 giant cockroaches
  4 goblins
  3 hobgoblins (D:1)
  6 kobolds (D:1)
  3 bats (D:1)
  A giant newt (D:3)
  7 rats
35 creatures vanquished.

Notes
Turn   | Place    | Note
--------------------------------------------------------------
     0 | D:1      | root the Draconian Berserker began the quest for the Orb.
     0 | D:1      | Reached XP level 1. HP: 19/19 MP: 1/1
   108 | D:1      | Reached XP level 2. HP: 20/26 MP: 2/2
   285 | D:1      | Reached ** piety under Trog
   422 | D:1      | Reached XP level 3. HP: 17/31 MP: 3/3
  1540 | D:2      | Noticed Sigmund
  1581 | D:3      | HP: 1/31 [worker ant (6)]
  1582 | D:3      | Slain by a hobgoblin

Vault maps used:
D:1:      shiori_arrival_maze, minmay_misc_feat_chi
D:2:      hangedman_decor_growths, lexackson_kobold_supper, uniq_sigmund
D:3:      nicolae_gozag_seed_capital, first_bread, uniq_natasha

Action                   || total
-------------------------++-------
Melee: Falchion          ||   127
 Stab: Sleeping          ||     1
  Eat: Chunk             ||     2
